MID
WEST VIRGINIA POWER @ SOUTH BEND CUBS
07/05/2048
 
TOP OF THE 1ST
West Virginia Power batting - Pitching for South Bend Cubs : RHP Steve Vint
Pitching: RHP Steve Vint
Batting: RHB Chris McCoy 0-0: Called Strike
0-1: Called Strike
0-2: Ball
1-2: Foul Ball, location: 2F
1-2: Strikes out looking
Batting: LHB Randy Boone 0-0: Ball
1-0: Swinging Strike
1-1: Ball
2-1: Swinging Strike
2-2: Foul Ball, location: 2F
2-2: Ball
3-2: Strikes out swinging
Batting: RHB Alain Marquet 0-0: Foul Ball, location: 2F
0-1: Foul Ball, location: 2F
0-2: Ground out 4-3 (Groundball, 4S, EV 82.5 MPH)
Top of the 1st over - 0 runs, 0 hits, 0 errors, 0 left on base; West Virginia 0 - South Bend 0
BOTTOM OF THE 1ST
South Bend Cubs batting - Pitching for West Virginia Power : RHP R.J. Barr
Pitching: RHP R.J. Barr
Batting: RHB Andy Huntley 0-0: Swinging Strike
0-1: Foul Ball, location: 2F
0-2: Strikes out swinging
Batting: RHB Puluke Konane 0-0: Ball
1-0: SINGLE (Groundball, 3D, EV 110.6 MPH)
Batting: LHB Kwang-chih Men Pickoff Play to 1st, Runner tries for 2nd, OUT after rundown.
0-0: Called Strike
0-1: Foul Ball, location: 2F
0-2: Ball
1-2: Strikes out swinging
Bottom of the 1st over - 0 runs, 1 hit, 0 errors, 0 left on base; West Virginia 0 - South Bend 0
TOP OF THE 2ND
West Virginia Power batting - Pitching for South Bend Cubs : RHP Steve Vint
Batting: LHB Joe Wise 0-0: Fly out, F9 (Line Drive, 9D, EV 95.0 MPH)
Batting: RHB Jeff Edwards 0-0: Ball
1-0: Called Strike
1-1: SINGLE (Groundball, P, EV 88.1 MPH) (infield hit)
Batting: LHB Brandon Sarni 0-0: SINGLE (Line Drive, 8RS, EV 101.2 MPH)
Jeff Edwards to second
Batting: LHB Tomohiro Yokoyama 0-0: Foul Ball, location: 2F
0-1: Swinging Strike
0-2: Foul Ball, location: 2F
0-2: Strikes out swinging
Batting: RHB Rick Pittman 0-0: Foul Ball, location: 2F
0-1: Swinging Strike
0-2: Strikes out swinging
Top of the 2nd over - 0 runs, 2 hits, 0 errors, 2 left on base; West Virginia 0 - South Bend 0
BOTTOM OF THE 2ND
South Bend Cubs batting - Pitching for West Virginia Power : RHP R.J. Barr
Batting: RHB Juan Bonilla 0-0: Ball
1-0: Called Strike
1-1: Called Strike
1-2: DOUBLE (Flyball, 8RXD, EV 100.6 MPH)
Batting: RHB Han-seung Hah 0-0: Foul Ball, location: 2F
0-1: Called Strike
0-2: Ball
1-2: Ground out 5-3 (Groundball, 56S, EV 90.0 MPH)
Batting: RHB Dylan Burke 0-0: Ball
1-0: Ground out 4-3 (Groundball, 4, EV 81.9 MPH)
Juan Bonilla to third
Batting: LHB Adam Conover 0-0: Foul Ball, location: 2F
0-1: Ball
Passed Ball!
Juan Bonilla scores
1-1: Fly out, F9 (Flyball, 9S, EV 86.9 MPH)
Bottom of the 2nd over - 1 run, 1 hit, 0 errors, 0 left on base; West Virginia 0 - South Bend 1
TOP OF THE 3RD
West Virginia Power batting - Pitching for South Bend Cubs : RHP Steve Vint
Batting: RHB Tom Tate 0-0: Ball
1-0: Ball
2-0: Called Strike
2-1: Ball
3-1: Foul Ball, location: 2F
3-2: Base on Balls
Batting: RHB Chris McCoy 0-0: Ball
1-0: SINGLE (Groundball, 25, EV 69.4 MPH) (infield hit)
Tom Tate to second
Batting: LHB Randy Boone 0-0: Ball
1-0: DOUBLE (Line Drive, 78D, EV 112.5 MPH)
Tom Tate scores
Chris McCoy to third
Batting: RHB Alain Marquet 0-0: Ball
1-0: Called Strike
1-1: Ball
2-1: Ball
3-1: Foul Ball, location: 2F
3-2: Ground out U3 (Groundball, 3, EV 94.4 MPH)
Batting: LHB Joe Wise 0-0: Called Strike
0-1: Called Strike
0-2: Ball
1-2: Ball
2-2: Ball
3-2: Base on Balls
Batting: RHB Jeff Edwards 0-0: Ball
1-0: Called Strike
1-1: Foul Ball, location: 2F
1-2: Ball
2-2: Strikes out swinging
Batting: LHB Brandon Sarni 0-0: Called Strike
0-1: Ball
1-1: Fly out, F9 (Flyball, 9, EV 90.6 MPH)
Top of the 3rd over - 1 run, 2 hits, 0 errors, 3 left on base; West Virginia 1 - South Bend 1
BOTTOM OF THE 3RD
South Bend Cubs batting - Pitching for West Virginia Power : RHP R.J. Barr
Batting: RHB Ryan Bush 0-0: Ball
1-0: Foul Ball, location: 2F
1-1: Ball
2-1: Called Strike
2-2: Ball
3-2: Foul Ball, location: 2F
3-2: Ground out 4-3 (Groundball, 4, EV 88.8 MPH)
Batting: LHB Hiroki Yamamoto 0-0: Ball
1-0: DOUBLE (Flyball, 89D, EV 107.5 MPH)
Batting: RHB Andy Huntley 0-0: Called Strike
0-1: Fly out, F8 (Line Drive, 8RM, EV 86.2 MPH)
Batting: RHB Puluke Konane 0-0: Ball
1-0: Foul Ball, location: 2F
1-1: Ball
2-1: Ground out 6-3 (Groundball, 6, EV 93.8 MPH)
Bottom of the 3rd over - 0 runs, 1 hit, 0 errors, 1 left on base; West Virginia 1 - South Bend 1
TOP OF THE 4TH
West Virginia Power batting - Pitching for South Bend Cubs : RHP Steve Vint
Batting: LHB Tomohiro Yokoyama 0-0: Foul Ball, location: 2F
0-1: Ball
1-1: Swinging Strike
1-2: Strikes out swinging
Batting: RHB Rick Pittman 0-0: Ball
1-0: Called Strike
1-1: Ball
2-1: Ground out 6-3 (Groundball, 6, EV 104.4 MPH)
Batting: RHB Tom Tate 0-0: Called Strike
0-1: Called Strike
0-2: Hit by Pitch
Batting: RHB Chris McCoy 0-0: Ball
1-0: Ball
2-0: Called Strike
2-1: Foul Ball, location: 2F
2-2: Foul Ball, location: 2F
2-2: Fly out, F7 (Flyball, 7, EV 73.1 MPH)
Top of the 4th over - 0 runs, 0 hits, 0 errors, 1 left on base; West Virginia 1 - South Bend 1
BOTTOM OF THE 4TH
South Bend Cubs batting - Pitching for West Virginia Power : RHP R.J. Barr
Batting: LHB Kwang-chih Men 0-0: Called Strike
0-1: SINGLE (Groundball, 34D, EV 96.9 MPH)
Batting: RHB Juan Bonilla 0-0: Foul Ball, location: 2F
0-1: Ball
1-1: SINGLE (Flyball, 8RS, EV 86.9 MPH)
Kwang-chih Men to second
Batting: RHB Han-seung Hah 0-0: Called Strike
0-1: Foul Ball, location: 2F
0-2: Strikes out swinging
Batting: RHB Dylan Burke 0-0: Ball
1-0: Ball
2-0: Grounds into double play, 4-6-3 (Groundball, 4D, EV 103.1 MPH)
Bottom of the 4th over - 0 runs, 2 hits, 0 errors, 1 left on base; West Virginia 1 - South Bend 1
TOP OF THE 5TH
West Virginia Power batting - Pitching for South Bend Cubs : RHP Steve Vint
Batting: LHB Randy Boone 0-0: Ball
1-0: Ball
2-0: Called Strike
2-1: Ball
3-1: Called Strike
3-2: Base on Balls
Batting: RHB Alain Marquet 0-0: Called Strike
0-1: Ball
1-1: Swinging Strike
1-2: Strikes out looking
Pitching: RHP Rob Craft
Batting: LHB Joe Wise 0-0: Ball
Randy Boone steals 2nd base
1-0: Called Strike
1-1: Ball
2-1: Ground out U3 (Groundball, 3, EV 100.6 MPH)
Randy Boone to third
Batting: RHB Jeff Edwards 0-0: Swinging Strike
0-1: Ball
1-1: Ball
2-1: Fly out, F9 (Line Drive, 9S, EV 103.1 MPH)
Top of the 5th over - 0 runs, 0 hits, 0 errors, 1 left on base; West Virginia 1 - South Bend 1
BOTTOM OF THE 5TH
South Bend Cubs batting - Pitching for West Virginia Power : RHP R.J. Barr
Batting: LHB Adam Conover 0-0: Ball
1-0: Called Strike
1-1: Swinging Strike
1-2: Foul Ball, location: 2F
1-2: Foul Ball, location: 2F
1-2: Ball
2-2: Ball
3-2: Foul Ball, location: 2F
3-2: Strikes out looking
Batting: RHB Ryan Bush 0-0: Ball
1-0: Called Strike
1-1: DOUBLE (Groundball, 5L, EV 105.0 MPH)
Pinch Runner at 2nd Josh Asch:
Batting: LHB Hiroki Yamamoto 0-0: Ball
1-0: Fly out, F8 (Flyball, 8RD, EV 101.9 MPH)
Runner from 2nd tags up, OUT at 3rd! 8-5
Bottom of the 5th over - 0 runs, 1 hit, 0 errors, 0 left on base; West Virginia 1 - South Bend 1
TOP OF THE 6TH
West Virginia Power batting - Pitching for South Bend Cubs : RHP Rob Craft
Now at 2B: Kwang-chih Men
Now at SS: Hiroki Yamamoto
Now in LF: Josh Asch
Batting: LHB Brandon Sarni 0-0: Foul Ball, location: 2F
0-1: Ball
1-1: Foul Ball, location: 2F
1-2: Strikes out looking
Batting: LHB Tomohiro Yokoyama 0-0: Ball
1-0: Swinging Strike
1-1: Ball
2-1: Foul Ball, location: 2F
2-2: Strikes out looking
Batting: RHB Rick Pittman 0-0: Ball
1-0: Fly out, F7 (Line Drive, 78M, EV 102.5 MPH)
Top of the 6th over - 0 runs, 0 hits, 0 errors, 0 left on base; West Virginia 1 - South Bend 1
BOTTOM OF THE 6TH
South Bend Cubs batting - Pitching for West Virginia Power : RHP R.J. Barr
Batting: RHB Andy Huntley 0-0: Swinging Strike
0-1: SINGLE (Groundball, 4MD, EV 108.8 MPH)
Batting: RHB Puluke Konane 0-0: Called Strike
0-1: Called Strike
Andy Huntley is caught stealing 2nd base 2-4
0-2: Ball
1-2: Strikes out swinging
Batting: LHB Kwang-chih Men 0-0: Ball
1-0: Foul Ball, location: 2F
1-1: Ball
2-1: Ground out 4-3 (Groundball, 4S, EV 85.6 MPH)
Bottom of the 6th over - 0 runs, 1 hit, 0 errors, 0 left on base; West Virginia 1 - South Bend 1
TOP OF THE 7TH
West Virginia Power batting - Pitching for South Bend Cubs : RHP Rob Craft
Batting: RHB Tom Tate 0-0: Ball
1-0: Ball
2-0: Ball
3-0: Called Strike
3-1: Swinging Strike
3-2: Fly out, F8 (Flyball, 78M, EV 86.9 MPH)
Batting: RHB Chris McCoy 0-0: Foul Ball, location: 2F
0-1: Ball
1-1: Ball
2-1: Foul Ball, location: 2F
2-2: Strikes out swinging
Batting: LHB Randy Boone 0-0: Called Strike
0-1: Ball
1-1: Ground out 6-3 (Groundball, 56, EV 81.2 MPH)
Top of the 7th over - 0 runs, 0 hits, 0 errors, 0 left on base; West Virginia 1 - South Bend 1
BOTTOM OF THE 7TH
South Bend Cubs batting - Pitching for West Virginia Power : RHP R.J. Barr
Batting: RHB Juan Bonilla 0-0: Ball
1-0: Ground out U3 (Groundball, 3, EV 86.9 MPH)
Batting: RHB Han-seung Hah 0-0: Fly out, F7 (Line Drive, 7S, EV 110.0 MPH)
Batting: RHB Dylan Burke 0-0: Foul Ball, location: 2F
0-1: Called Strike
0-2: Ball
1-2: Ball
2-2: Ball
3-2: Strikes out swinging
Bottom of the 7th over - 0 runs, 0 hits, 0 errors, 0 left on base; West Virginia 1 - South Bend 1
TOP OF THE 8TH
West Virginia Power batting - Pitching for South Bend Cubs : RHP Rob Craft
Pitching: RHP Angel Pesina
Batting: RHB Alain Marquet 0-0: Called Strike
0-1: Ball
1-1: Ball
2-1: Ball
3-1: Base on Balls
Batting: LHB Joe Wise 0-0: Foul Ball, location: 2F
0-1: Ball
1-1: Swinging Strike
1-2: Strikes out swinging
Batting: RHB Jeff Edwards 0-0: Ball
1-0: Called Strike
1-1: Foul Ball, location: 2F
1-2: Foul Ball, location: 2F
1-2: Ground out 4-3 (Groundball, 34, EV 83.1 MPH)
Alain Marquet to second
Batting: LHB Brandon Sarni 0-0: Ball
1-0: Ball
2-0: Ball
3-0: Base on Balls
Batting: LHB Tomohiro Yokoyama 0-0: Swinging Strike
0-1: Ball
1-1: Ball
2-1: SINGLE (Groundball, 34D, EV 105.0 MPH)
Alain Marquet to third
Brandon Sarni to second
Runner from 3rd tries for Home, SAFE, throw by RF to home
Batting: RHB Rick Pittman 0-0: Foul Ball, location: 2F
0-1: Foul Ball, location: 2F
0-2: Foul Ball, location: 2F
0-2: Foul Ball, location: 2F
0-2: Ball
Wild Pitch!
Brandon Sarni to third
Tomohiro Yokoyama to second
1-2: Ground out 5-3 (Groundball, 56S, EV 81.9 MPH)
Top of the 8th over - 1 run, 1 hit, 0 errors, 2 left on base; West Virginia 2 - South Bend 1
BOTTOM OF THE 8TH
South Bend Cubs batting - Pitching for West Virginia Power : RHP R.J. Barr
Now in CF: Terrence Wilson
Now in RF: Tom Tate
Batting: LHB Adam Conover 0-0: Ball
1-0: Called Strike
1-1: Ball
2-1: Ground out 6-3 (Groundball, 56, EV 88.1 MPH)
Batting: RHB Josh Asch 0-0: Called Strike
0-1: Ball
1-1: Ball
2-1: Swinging Strike
2-2: Ball
3-2: Foul Ball, location: 2F
3-2: Foul Ball, location: 2F
3-2: Foul Ball, location: 2F
3-2: Base on Balls
Batting: LHB Hiroki Yamamoto 0-0: SINGLE (Groundball, 4MD, EV 93.8 MPH)
Josh Asch to second
Batting: RHB Andy Huntley 0-0: Ball
1-0: SINGLE (Line Drive, 34D, EV 99.4 MPH)
Josh Asch to third
Hiroki Yamamoto to second
Pitching: LHP Grady Hebert
Batting: RHB Puluke Konane 0-0: Ball
1-0: Fly out, F7 (Line Drive, 7D, EV 86.2 MPH)
Runner from 3rd tags up, SCORES, no throw by LF
Batting: LHB Kwang-chih Men 0-0: Foul Ball, location: 2F
0-1: Ball
1-1: Ball
2-1: Ball
3-1: Base on Balls
Hiroki Yamamoto to third
Andy Huntley to second
Batting: RHB Juan Bonilla 0-0: Ball
1-0: Ball
2-0: Called Strike
2-1: Swinging Strike
2-2: Ball
3-2: Base on Balls
Hiroki Yamamoto scores
Andy Huntley to third
Kwang-chih Men to second
Batting: RHB Han-seung Hah 0-0: Ball
1-0: Foul Ball, location: 2F
1-1: SINGLE (Line Drive, 8LS, EV 98.8 MPH)
Andy Huntley scores
Kwang-chih Men to third
Juan Bonilla to second
Runner from 3rd tries for Home, SAFE, throw by CF to home
Batting: RHB Dylan Burke 0-0: Ball
1-0: Ball
2-0: Ball
3-0: Foul Ball, location: 2F
3-1: Base on Balls
Juan Bonilla to third
Han-seung Hah to second
Batting: LHB Adam Conover 0-0: Called Strike
0-1: Ball
1-1: Ball
2-1: Ball
3-1: Fly out, F8 (Flyball, 8LM, EV 73.8 MPH)
Bottom of the 8th over - 4 runs, 3 hits, 0 errors, 3 left on base; West Virginia 2 - South Bend 5
TOP OF THE 9TH
West Virginia Power batting - Pitching for South Bend Cubs : RHP Angel Pesina
Pitching: RHP Jose Mata
Batting: RHB Tom Tate 0-0: Ball
1-0: Foul Ball, location: 2F
1-1: Foul Ball, location: 2F
1-2: Ball
2-2: Strikes out swinging
Batting: RHB Chris McCoy 0-0: Swinging Strike
0-1: Ball
1-1: Ground out 5-3 (Groundball, 56, EV 88.1 MPH)
Batting: LHB Randy Boone 0-0: Called Strike
0-1: Ball
1-1: Ground out 2-3 (Groundball, 15S, EV 73.1 MPH)
Top of the 9th over - 0 runs, 0 hits, 0 errors, 0 left on base; West Virginia 2 - South Bend 5
Tuesday, March 28th , 2023 - OOTP Baseball 23.10 Build 110